 Dungeon Crawl Stone Soup version 0.31.0-32-g396128a36d (webtiles) character file.

Game seed: 9361924564635557475

82 Cheops the Ruffian (level 4, 0/28 HPs)
             Began as an Octopode Shapeshifter on Mar 15, 2024.
             Slain by a cerulean imp
             ... wielding a +0 spear
             ... summoned by Natasha
              (4 damage)
             ... on level 2 of the Dungeon.
             The game lasted 00:01:57 (816 turns).

Cheops the Ruffian (Octopode Shapeshifter)           Turns: 816, Time: 00:01:58

Health: 0/28       AC:  1    Str: 15    XL:     4   Next: 43%
Magic:  4/4        EV: 13    Int: 12    God:
Gold:   55         SH:  0    Dex: 11    Spells: 3/3 levels left

rFire   . .          .
                       - Unarmed
rCold   . . .        (no shield)
rNeg    . . .        (helmet currently unavailable)
rPois   .            (no amulet)
rElec   .            (no ring)
rCorr   .            (no ring)
SInv    .            (no ring)
Will    .....        (no ring)
Stlth   ++           (no ring)
HPRegen 0.24/turn    (no ring)
MPRegen 0.09/turn    (no ring)
                     (no ring)

%: no passive effects
@: about to teleport, beast-form
A: beast (slay +1), almost no armour, amphibious, 8 rings, camouflage 1,
gelatinous body 1, (nimble swimmer 1), tentacles
a: Begin Untransformation


You were on level 2 of the Dungeon.
You were a hulking beast.
You visited 1 branch of the dungeon, and saw 2 of its levels.

You collected 55 gold pieces.

Inventory:

Talismans
 b - a beast talisman (active)
 c - a flux talisman
Scrolls
 e - a scroll of vulnerability {unknown}
 f - a scroll of silence {unknown}
 g - a scroll of immolation {unknown}
Potions
 a - a potion of lignification
 h - a potion of ambrosia {unknown}


   Skills:
 - Level 1.2 Fighting
 - Level 2.1 Dodging
 + Level 4.9 Unarmed Combat
 - Level 3.0 Shapeshifting


You had 3 spell levels left.
You didn't know any spells.
Your spell library contained the following spells:

 Spells                   Type           Power      Damage    Failure   Level
 Cigotuvi's Dreadful Rot  Necr/Alch/Air  0%         N/A       45%         2
 Ignite Poison            Fire/Alch      0%         N/A       97%         4
 Freezing Cloud           Conj/Ice/Air   0%         6-21      100%        5


Dungeon Overview and Level Annotations

Branches:
Dungeon (2/15)

Altars:
Trog

Annotations:
D:2 Natasha


Innate Abilities, Weirdness & Mutations

You are a hulking beast.
Your limbs bulge with bestial killing power. (Slay +1)
You cannot wear most types of armour.
You are amphibious.
You can wear up to eight rings at the same time.
Your skin changes colour to match your surroundings (Stealth+).
Your rubbery body absorbs attacks. (AC +1, EV +1)
((You are camouflaged when in or above water. (Stealth+)))
You have tentacles for arms and can constrict up to eight enemies at once.


Message History

You kill the goblin!
The hobgoblin barely misses you.
Natasha casts a spell.
Items here: ))) †††.
You barely miss the hobgoblin. Your grab misses the hobgoblin.
The hobgoblin hits you.
* * * LOW HITPOINT WARNING * * *
Unknown command.
Unknown command.
You closely miss the hobgoblin. Your grab misses the hobgoblin.
You tentacle-slap the hobgoblin. Your grab misses the hobgoblin.
The hobgoblin is severely wounded.
The hobgoblin no longer looks unusually strong.
The hobgoblin closely misses you.
You tentacle-slap the hobgoblin.
You kill the hobgoblin!
Natasha mumbles some strange words.
You tentacle-slap the goblin.
You kill the goblin!
Natasha wildly gestures.
You feel troubled.
You swing at nothing.
The cerulean imp hits you but does no damage.
You swing at nothing.
The cerulean imp hits you from afar with a +0 spear.
* * * LOW HITPOINT WARNING * * *
Unknown command.
Unknown command.
Unknown command.
Unknown command.
As you read the scroll labelled YDIUXKAGEN, it crumbles to dust.
You feel strangely unstable.
It was a scroll of teleportation.
The cerulean imp hits you from afar with a +0 spear.
* * * LOW HITPOINT WARNING * * *
Unknown command.
Unknown command.
Unknown command.
The cerulean imp attacks as it pursues you!
The cerulean imp hits you from afar with a +0 spear.
You die... ####+#### ....... ..5.. .gh

#)# #5# #)#
#h#
########'###
#........).#
#..........#
#..........#
########'###
#.# #.#
#######'##


You could see Natasha, 2 cerulean imps and a goblin (strong).

Vanquished Creatures
  Natasha (D:2)
  Robin (D:2)
  A dart slug (D:1)
  3 bats (D:1)
  6 endoplasms (D:1)
  8 goblins
  5 hobgoblins
  4 jackals (D:2)
  2 quokkas (D:1)
  5 ball pythons (D:1)
  A frilled lizard (D:2)
  A kobold (D:1)
  A rat (D:1)
39 creatures vanquished.

Notes
Turn   | Place    | Note
-------+----------+-------------------------------------------
     0 | D:1      | Cheops the Octopode Shapeshifter began the quest for the
                  | Orb.
     0 | D:1      | Reached XP level 1. HP: 13/13 MP: 1/1
   133 | D:1      | Reached XP level 2. HP: 18/18 MP: 2/2
   475 | D:1      | Reached XP level 3. HP: 23/23 MP: 3/3
   631 | D:2      | Found a bloodstained altar of Trog.
   638 | D:2      | Noticed Natasha
   647 | D:2      | Killed Natasha
   648 | D:2      | Reached skill level 4 in Unarmed Combat
   725 | D:2      | Reached XP level 4. HP: 28/28 MP: 4/4
   792 | D:2      | Noticed Robin
   803 | D:2      | Noticed Natasha
   804 | D:2      | Killed Robin
   816 | D:2      | Slain by a cerulean imp

Illustrated notes

Levels and vault maps discovered:
D:1:      giann_horns, layout_basic, minivault_23
D:2:      layout_basic, basic_altar, uniq_robin, uniq_natasha

Skill      XL: |  1  2  3 |
---------------+----------+-----
Unarmed Combat | 4 |  4.9
Fighting       | |  1.2
Dodging        | |  2.1
Shapeshifting  | |  3.0

Action                     |  1- 3 |  4- 6 || total
---------------------------+-------+-------++-------
  Melee: Unarmed           |    43 |    25 ||    68
         Constrict         |    12 |     6 ||    18
         Tentacles         |     8 |     4 ||    12
         Punch             |     2 |       ||     2
Ability: Begin Untransform |     1 |       ||     1
    Use: Scroll            |       |     1 ||     1
   Stab: Sleeping          |     4 |       ||     4
 Armour: Skin              |    13 |    12 ||    25
  Dodge: Dodged            |    18 |    16 ||    34
   Form: Beast             |     1 |       ||     1
